 Dungeon Crawl Stone Soup version 0.28-a0-1213-g0243856f03 (webtiles) character file.

Game seed: 507879513995094166

50 frimble the Grasshopper (level 3, -4/27 HPs)
             Began as a Demonspawn Warper on Dec 22, 2021.
             Slain by Crazy Yiuf (14 damage)
             ... on level 2 of the Dungeon.
             The game lasted 00:01:23 (2689 turns).

frimble the Grasshopper (Demonspawn Warper)         Turns: 2689, Time: 00:01:23

Health: -4/27      AC:  3    Str: 11    XL:     3   Next: 55%
Magic:  6/6        EV: 12    Int: 16    God:
Gold:   37         SH:  0    Dex: 12    Spells: 6/6 levels left

rFire   . . .      SeeInvis .   i - +3 dagger (venom)
rCold   . . .      Faith    .   (no shield)
rNeg    . . .      Spirit   .   b - +0 leather armour
rPois   .          Reflect  .   (helmet restricted)
rElec   .          Harm     .   (no cloak)
rCorr   .          Rampage  .   (no gloves)
Will    .....                   (no boots)
Stlth   +.........              (no amulet)
HPRegen 0.09/turn               (no ring)
MPRegen 0.10/turn               (no ring)

@: lethally poisoned (-4 -> -12)
A: claws 2, horns 1, talons 1
a: no special abilities


You were on level 2 of the Dungeon.
You visited 1 branch of the dungeon, and saw 2 of its levels.

You collected 37 gold pieces.

Inventory:

Hand Weapons
 i - a +3 dagger of venom (weapon)
Missiles
 d - 5 boomerangs of dispersal (quivered)
Armour
 b - a +0 leather armour (worn)
Jewellery
 a - a ring of fire
Scrolls
 c - a scroll of blinking
 e - a scroll of summoning
 f - 2 scrolls of fog {unknown}
Potions
 g - a potion of curing
 h - a potion of attraction {unknown}
 j - a potion of invisibility {unknown}
 k - a potion of mutation
 l - a potion of might {unknown}
 m - a potion of degeneration {unknown}


   Skills:
 - Level 2.0 Fighting
 + Level 1.1(1.8) Short Blades
 - Level 2.1(2.3) Long Blades
 - Level 0.8 Throwing
 - Level 0.8 Armour
 - Level 2.5 Dodging
 + Level 1.2 Unarmed Combat
 - Level 2.0 Spellcasting
 + Level 2.7 Translocations


You had 6 spell levels left.
You didn't know any spells.
Your spell library contained the following spells:

 Spells                   Type           Power      Damage    Failure   Level
 Blink                    Tloc           20%        N/A       14%         2
 Beastly Appendage        Tmut           2%         N/A       26%         1
 Gell's Gravitas          Tloc           10%        N/A       26%         3
 Lesser Beckoning         Tloc           10%        N/A       26%         3
 Teleport Other           Tloc           10%        N/A       26%         3
 Wereblood                Tmut           1%         N/A       38%         2
 Spider Form              Tmut/Pois      1%         N/A       63%         3
 Manifold Assault         Tloc           10%        N/A       94%         5


Dungeon Overview and Level Annotations

Branches:
Dungeon (2/15)

Altars:

Annotations:
D:2 Crazy Yiuf


Innate Abilities, Weirdness & Mutations

You have very sharp fingernails.
You have a pair of small horns on your head.
You have sharp toenails.


Message History

No reachable target in view!
A ball python is nearby!
A ball python is nearby!
You hit the ball python.
You kill the ball python!
You see here a ball python corpse.
Key pressed, stopping explore.
You see here a frilled lizard skeleton.
There is an open door here.
You see here 16 stones.
There is a stone staircase leading up here.
Key pressed, stopping explore.
Things that are here:
a +0 club; a +0 club Key pressed, stopping explore.
There is a fountain of sparkling water here.
Key pressed, stopping explore.
There is an open door here.
There is an open door here.
There is a stone staircase leading up here.
Key pressed, stopping explore.
Could not explore, unopened runed door.
Could not explore, unopened runed door.
Could not explore, unopened runed door.
You open the door. You barely miss Crazy Yiuf. You claw Crazy Yiuf.
You headbutt Crazy Yiuf, but do no damage.
Crazy Yiuf is lightly wounded.
Crazy Yiuf hits you with a +2 quarterstaff of chaos!
You are poisoned.
You barely miss Crazy Yiuf.
Crazy Yiuf is lightly wounded.
You feel very sick.
You closely miss Crazy Yiuf.
You headbutt Crazy Yiuf, but do no damage.
Crazy Yiuf is lightly wounded.
You feel sick.
Crazy Yiuf hits you with a +2 quarterstaff of chaos!
Ouch! That really hurt!
You die...

...........# #....#
##.######### ##..##
...........# #....#
##.........# ##...#
......###### ##.## #####
###...# ##.# #....
###...# #.## #....
.....## ##.# #.... ###..#
#@## #.... ..#..#######
#g# #.... #.#..#.†...#
... #>... ..#..#.#####
#...# #.... ###..#.....#
#)..# #.### # #..#....##
##### #.# # #..#....#
###### #.# #
#..#....############....#
#.# #
#..###..#.......+.......#
#.#


You could see Crazy Yiuf.

Vanquished Creatures
  An adder (D:2)
  A dart slug (D:2)
  5 ball pythons
  5 bats
  4 endoplasms
  5 goblins
  3 hobgoblins (D:2)
  4 quokkas
  4 frilled lizards
  2 kobolds
  2 rats (D:1)
36 creatures vanquished.

Vanquished Creatures (collateral kills)
  A frilled lizard (D:2)
1 creature vanquished.

Grand Total: 37 creatures vanquished

Notes
Turn   | Place    | Note
-------+----------+-------------------------------------------
     0 | D:1      | frimble the Demonspawn Warper began the quest for the Orb.
     0 | D:1      | Reached XP level 1. HP: 16/16 MP: 3/3
   417 | D:1      | Gained mutation: You have sharp fingernails. [demonic
                  | ancestry]
   417 | D:1      | Reached XP level 2. HP: 20/22 MP: 5/5
  1443 | D:2      | Found a faded altar of an unknown god.
  1498 | D:2      | Reached XP level 3. HP: 21/27 MP: 6/6
  1825 | D:2      | Gained mutation: You have a pair of small horns on your
                  | head. [potion of mutation]
  1825 | D:2      | Gained mutation: You have sharp toenails. [potion of
                  | mutation]
  1825 | D:2      | Gained mutation: You have very sharp fingernails. [potion
                  | of mutation]
  1828 | D:2      | Reached skill level 1 in Short Blades
  1828 | D:2      | Reached skill level 1 in Unarmed Combat
  2207 | D:2      | Found a runed translucent door.
  2208 | D:2      | Noticed Crazy Yiuf
  2689 | D:2      | Slain by Crazy Yiuf

Illustrated notes

Levels and vault maps discovered:
D:1:      wheals_arrival_shading, layout_loops_corners
D:2:      layout_basic, shapermc_ecumenical_altar_mp_ritualfount,
          minmay_hedge_maze, minmay_cupped, uniq_crazy_yiuf_cottage

Skill      XL: |  1  2  3 |
---------------+----------+-----
Long Blades    | 2 |  2.1
Dodging        | 2 |  2.5
Short Blades   | 1 |  1.1
Unarmed Combat | 1 |  1.2
Fighting       | |  2.0
Throwing       | |  0.8
Armour         | |  0.8
Spellcasting   | |  2.0
Translocations | |  2.7

Action                   || total
-------------------------++-------
Melee: Falchion          ||    25
       Dagger            ||    69
       Headbutt          ||     4
       Kick              ||     3
  Use: Scroll            ||     3
       Potion            ||     2
Armor: Leather armour    ||    19
Dodge: Dodged            ||    60

Table legend: (Time is in decaauts)
 A = Elapsed time spent in this place.
 B = Non-inter-level travel time spent in this place.
 C = Inter-level travel time spent in this place.
 D = Time resting spent in this place.
 E = Time spent auto-exploring this place.
 F = Levels seen in this place.
 G = Mean time per level.
                   A        B        C        D        E       F      G
               +--------+--------+--------+--------+--------+-----+--------+
         Total |   2687 |   2677 |     10 |      0 |   2433 |   2 | 1343.5 |
       Dungeon |   2687 |   2677 |     10 |      0 |   2433 |   2 | 1343.5 |
               +--------+--------+--------+--------+--------+-----+--------+

Top non-repeatable levels by time:
     D:2: 1356 daAuts
     D:1: 1331 daAuts
